 Dungeon Crawl Stone Soup version 0.31-a0-1469-gd420192249 (webtiles) character file.

Game seed: 2849160112405196339

116 grandjackal the Trooper (level 4, 0/52 HPs)
             Began as a Demonspawn Gladiator on Dec 29, 2023.
             Killed by divine providence
             ... invoked by an orc priest
              (11 damage)
             ... on level 4 of the Dungeon.
             The game lasted 00:02:21 (3151 turns).

grandjackal the Trooper (Demonspawn Gladiator)      Turns: 3151, Time: 00:02:22

Health: 0/52       AC: 11    Str: 17    XL:     4   Next: 70%
Magic:  4/4        EV: 10    Int:  8    God:
Gold:   143        SH:  0    Dex: 14    Spells: 3/3 levels left

rFire   . . .        a - +0 war axe
rCold   . . .        l - orb {*Rage}
rNeg    . . .        n - +0 scale mail
rPois   .            c - +0 helmet
rElec   .            (no cloak)
rCorr   +            (no gloves)
SInv    .            u - +1 pair of boots {Fly}
Will    .....        (no amulet) Stlth
                     o - ring of resist corrosion
HPRegen 0.28/turn    (no ring)
MPRegen 0.09/turn

%: random rage (20%)
@: berserking, flying, very quick
A: claws 1, thin metallic scales 1
a: no special abilities


You were on level 4 of the Dungeon.
You visited 1 branch of the dungeon, and saw 4 of its levels.

You collected 143 gold pieces.

Inventory:

Hand Weapons
 a - a +0 war axe (weapon)
Missiles
 d - 3 throwing nets (quivered)
 e - a javelin
Armour
 c - a +0 helmet (worn)
 l - an orb of wrath (worn)
 n - a +0 scale mail (worn)
 u - a +1 pair of boots of flying (worn)
Jewellery
 o - a ring of resist corrosion (left claw)
Wands
 v - a wand of roots (5)
Scrolls
 i - a scroll of poison {unknown}
 k - a scroll of noise {unknown}
 m - 2 scrolls of butterflies {unknown}
 p - a scroll of revelation {unknown}
 r - 2 scrolls of teleportation {unknown}
 t - 4 scrolls of identify {unknown}
Potions
 b - 2 potions of enlightenment {unknown}
 f - a potion of magic {unknown}
 g - a potion of haste {unknown}
 h - a potion of degeneration {unknown}
 j - a potion of might {unknown}
 q - a potion of heal wounds {unknown}
 s - 2 potions of lignification {unknown}


   Skills:
 + Level 3.2 Fighting
 - Level 3.1 Axes
 - Level 2.0 Throwing
 + Level 1.4 Armour
 - Level 3.0 Dodging
 + Level 1.4 Unarmed Combat


You had 3 spell levels left.
You didn't know any spells.
Your spell library contained the following spells:

 Spells                   Type           Power      Damage    Failure   Level
 Kiss of Death            Conj/Necr      0%         2d5       83%         1
 Confusing Touch          Hex            0%         N/A       99%         3
 Dispel Undead            Necr           0%         3d6       100%        4
 Leda's Liquefaction      Alch/Erth      0%         N/A       100%        4
 Lee's Rapid Deconstruct  Erth           0%         3d4*      100%        5
 Bombard                  Conj/Erth      0%         9d1       100%        6


Dungeon Overview and Level Annotations

Branches:
Dungeon (4/15)
 Temple: D:4-7

Altars:

Annotations:
D:1 1 transporter
D:3 1 runed translucent door, Aldia's ghost, amateur DECj


Innate Abilities, Weirdness & Mutations

You have sharp fingernails.
You are partially covered in thin metallic scales. (AC +2)


Message History

Something hits you but does no damage.
The orc wizard mumbles some strange words.
The orc wizard flickers and vanishes!
You slash the adder!
You kill the adder!
You closely miss something.
You hit the orc priest but do no damage.
You feel sick. Something hits you but does no damage.
The orc priest invokes the aid of Beogh against you.
Pain shoots through your body!
* * * LOW HITPOINT WARNING * * *
You are too injured to fight recklessly!
Unknown command.
You are too injured to fight recklessly!
Unknown command.
You are too injured to fight recklessly!
Unknown command.
You are too injured to fight recklessly!
Unknown command.
A red film seems to cover your vision as you go berserk!
You feel yourself moving faster!
You feel mighty!
You miss something. You closely miss something. You closely miss the orc.
You barely miss the orc priest.
You feel sick.
You are no longer poisoned.
The orc hits you but does no damage. Something hits you but does no damage.
You hear some strange, mumbled words.
Something tries to affect you, but you resist.
The orc priest hits you but does no damage.
You slash something! You miss something. You barely miss the orc.
You slash the orc priest!
A goblin comes into view. It is wielding a +0 club.
The orc hits you but does no damage.
You hear some strange, mumbled words.
A magic dart appears from out of thin air!
The magic dart hits you.
* * * LOW HITPOINT WARNING * * *
Something hits you but does no damage.
The orc priest calls down the wrath of Beogh upon you.
Beogh smites you!
You die...

####### ####
..?....#####..#
.........#....##
...............#
...............#
..............#
....$.o@......##
###...{o.......#
#.........###.##
g......#### #.#
.....## ##.#
..### #..# #
#..# #..# ##.##


You could see an orc priest, an orc and a goblin (wandering).

Vanquished Creatures
  4 gnolls
  An adder (D:4)
  4 worms
  A dart slug (D:1)
  6 ball pythons
  6 endoplasms
  3 giant cockroaches
  6 goblins
  5 hobgoblins
  2 kobolds
  4 quokkas
  A frilled lizard (D:3)
  7 rats
  A spectral goblin (D:3)
51 creatures vanquished.

Notes
Turn   | Place    | Note
-------+----------+-------------------------------------------
     0 | D:1      | grandjackal the Demonspawn Gladiator began the quest for
                  | the Orb.
     0 | D:1      | Reached XP level 1. HP: 16/16 MP: 1/1
    20 | D:1      | Gained mutation: You are partially covered in thin metallic
                  | scales. (AC +2) [demonic ancestry]
    20 | D:1      | Reached XP level 2. HP: 12/22 MP: 2/2
   508 | D:1      | Gained mutation: You have sharp fingernails. [demonic
                  | ancestry]
   508 | D:1      | Reached XP level 3. HP: 28/28 MP: 3/3
  1110 | D:2      | Reached skill level 1 in Armour
  1110 | D:2      | Reached skill level 1 in Unarmed Combat
  1110 | D:2      | Reached XP level 4. HP: 18/35 MP: 4/4
  2246 | D:3      | Found a faded altar of an unknown god.
  2309 | D:3      | Found a runed translucent door.
  2309 | D:3      | Noticed Aldia's ghost (amateur DECj)
  3151 | D:4      | Killed from afar by an orc priest

Illustrated notes

Levels and vault maps discovered:
D:1:      spicycebolla_arrival_risky_transporter, layout_basic,
          minmay_tromino_v4_c
D:2:      layout_basic
D:3:      layout_basic, dreamdust_ecumenical_altar_drowned_temple,
          gammafunk_ghost_grave, minmay_misc_feat_tower, kennysheep_another_room
D:4:      nicolae_cairo_tiling_large, layout_cave_pods, nicolae_grassy_gnolls

Skill      XL: |  1  2  3 |
---------------+----------+-----
Throwing       | 2 |  2.0
Axes           | 3 |  3.1
Dodging        | 3 |  3.0
Fighting       | 3 |  3.2
Armour         | 1 |  1.4
Unarmed Combat | 1 |  1.4

Action                     |  1- 3 |  4- 6 || total
---------------------------+-------+-------++-------
  Melee: War axe           |    61 |    79 ||   140
         Punch             |     1 |       ||     1
 Armour: Leather armour    |    23 |       ||    23
         Scale mail        |    20 |    64 ||    84
  Dodge: Dodged            |    40 |    43 ||    83

Table legend: (Time is in decaauts)
 A = Elapsed time spent in this place.
 B = Non-inter-level travel time spent in this place.
 C = Inter-level travel time spent in this place.
 D = Time resting spent in this place.
 E = Time spent auto-exploring this place.
 F = Levels seen in this place.
 G = Mean time per level.
                   A        B        C        D        E       F      G
               +--------+--------+--------+--------+--------+-----+--------+
         Total |   3324 |   3220 |    104 |    520 |   2237 |   4 |  831.0 |
       Dungeon |   3324 |   3220 |    104 |    520 |   2237 |   4 |  831.0 |
               +--------+--------+--------+--------+--------+-----+--------+

Top non-repeatable levels by time:
     D:3: 1385 daAuts
     D:2: 959 daAuts
     D:1: 843 daAuts
     D:4: 136 daAuts
